 Dungeon Crawl Stone Soup version 0.31-a0-743-g45f7035092 (webtiles) character file.

Game seed: 4804890699744095067

20 Bravepunisher the Ducker (level 2, 0/16 HPs)
             Began as a Spriggan Monk on Sept 13, 2023.
             Was a Believer of Makhleb.
             Slain by a hound (4 damage)
             ... on level 4 of the Dungeon.
             The game lasted 00:03:25 (1039 turns).

Bravepunisher the Ducker (Spriggan Monk)            Turns: 1039, Time: 00:03:26

Health: 0/16       AC:  4    Str:  7    XL:     2   Next: 58%
Magic:  3/3        EV: 19    Int: 11    God:    Makhleb [**....]
Gold:   15         SH:  5    Dex: 17    Spells: 1/1 levels left

rFire   . . .        a - +0 short sword
rCold   . . .        d - orb {light}
rNeg    . . .        b - +0 robe
rPois   .            i - +2 hat {Stlth+}
rElec   .            (no cloak)
rCorr   .            (gloves unavailable)
SInv    +            (boots unavailable)
Will    .....        f - amulet of reflection
Stlth   +            (no ring)
HPRegen 0.22/turn    (no ring)
MPRegen 0.08/turn

%: reflection
@: glowing, very quick
A: very small, no large weapons, unfitting armour, see invisible, speed 3
a: Renounce Religion, Minor Destruction


You were on level 4 of the Dungeon.
You worshipped Makhleb.
Makhleb was pleased with you.
You visited 2 branches of the dungeon, and saw 6 of its levels.

You collected 15 gold pieces.

Inventory:

Hand Weapons
 a - a +0 short sword (weapon)
Armour
 b - a +0 robe (worn)
 d - an orb of light (worn)
 i - a +2 hat of stealth (worn)
Jewellery
 f - an amulet of reflection (around neck)
Wands
 g - a wand of flame (9)
Scrolls
 e - a scroll of blinking {unknown}
 h - a scroll of immolation
Potions
 c - a potion of ambrosia


   Skills:
 + Level 2.7 Fighting
 - Level 3.2 Short Blades
 * Level 4.9 Dodging
 + Level 0.0 Invocations


You had one spell level left.
You didn't know any spells.
Your spell library was empty.

Dungeon Overview and Level Annotations

Branches:
Dungeon (5/15)             Temple (1/1) D:5

Altars:
Ashenzari
Dithmenos
Gozag
Kikubaaqudgha
Makhleb
Nemelex Xobeh
Okawaru
Qazlal
Ru
Sif Muna
Trog
Uskayaw
Vehumet
Wu Jian
Xom
Yredelemnul

Portals:
Sewer: D:4


Innate Abilities, Weirdness & Mutations

You are very small and have problems with some larger weapons.
You are too small for most types of armour.
You have supernaturally acute eyesight. (SInv)
You cover ground extremely quickly. (Speed+++)


Message History

You can now harness Makhleb's destructive might.
Found an ancient bone altar of Kikubaaqudgha.
There is a staircase back to the Dungeon here.
You climb upwards.
Welcome back to the Dungeon!
The phantom closely misses you.
There is a staircase to the Ecumenical Temple here.
The phantom attacks as it pursues you! The phantom completely misses you.
Found a stone staircase leading up.
Found a pair of glowing gloves.
An ice beast comes into view.
A hound comes into view.
Found a scroll labelled USAADO IRHATSEOH and a crude sling.
The hound barks!
You hear an angry hiss.
A black bear comes into view.
Found a scroll labelled TOAMMA EPSO.
There is a stone staircase leading up here.
The black bear growls angrily.
The hound misses you. You block the ice beast's attack.
You climb upwards.
You hear the sound of rushing water.
There is an entrance to a sewer on this level.
Hurry and find it before the portal rusts away!
You hear the rusting of a very distant drain.
There is a stone staircase leading down here.
An orc comes into view. It is wielding a +0 club.
Found a stone staircase leading up.
The orc shouts!
You hear a shout! x2
The hound barely misses you.
An orc comes into view. It is wielding a +0 flail.
An orc priest comes into view. It is wielding a +0 hand axe.
The orc barely misses you. The hound attacks as it pursues you!
The hound closely misses you.
The orc priest miscasts a cantrip.
A quokka comes into view.
The orc priest calls down the wrath of Beogh upon you.
Beogh smites you!
Ouch! That really hurt!
* * * LOW HITPOINT WARNING * * *
The orc attacks as it pursues you! The orc hits you but does no damage.
There is a stone staircase leading up here.
The hound bites you.
You die...

#.#.>..............
#.#..#..#.#.#......
#.#..#..# #.......[
###
#.#..#..#..........
...#.......###........
###.#.#oY#.##
#.#...... #.....o..#.#
# #...### #.#.#.oh.# #
...#...# #...@..#
..#####.# .....####.#
.# #.. ..... ..# ####.
..r. ### #(... ..
+.... . #.... #....
#.... #....


You could see an ice beast, a hound, an orc priest and 2 orcs.

Vanquished Creatures
  An adder (D:2)
  A bat (D:3)
  An endoplasm (D:2)
  2 quokkas (D:4)
  2 ball pythons
  A frilled lizard (D:2)
  2 goblins
  2 kobolds
12 creatures vanquished.

Notes
Turn   | Place    | Note
-------+----------+-------------------------------------------
     0 | D:1      | Bravepunisher the Spriggan Monk began the quest for the
                  | Orb.
     0 | D:1      | Reached XP level 1. HP: 11/11 MP: 2/2
   275 | D:2      | Reached XP level 2. HP: 16/16 MP: 3/3
   599 | D:3      | Found a faded altar of an unknown god.
   836 | D:4      | Found a glowing drain.
   877 | D:4      | Found a basalt altar of Yredelemnul.
   882 | D:4      | Noticed a scorpion
   891 | D:4      | Noticed a scorpion
   935 | D:5      | Entered Level 5 of the Dungeon
   942 | D:5      | Noticed a phantom
   956 | D:5      | Found a staircase to the Ecumenical Temple.
   979 | Temple   | Entered the Ecumenical Temple
   986 | Temple   | Became a worshipper of Makhleb the Destroyer
   986 | Temple   | Reached * piety under Makhleb
   986 | Temple   | Reached ** piety under Makhleb
  1024 | D:5      | Noticed an ice beast
  1028 | D:5      | Noticed a black bear
  1039 | D:4      | Slain by a hound

Illustrated notes

Levels and vault maps discovered:
D:1:      co_arrival_random_square_maze, layout_basic, serial_shops, shop
D:2:      layout_basic
D:3:      cheibrodos_fertilizer, layout_basic, cheibrodos_worm_habitat,
          hellmonk_ecumenical_altar_blasted
D:4:      layout_basic, nicolae_hepliaklqana_hippocampus,
          mainiacjoe_overflow_tiny_flanked, cheibrodos_sewer_entry_sluice
D:5:      layout_loops_cross, zin_scriptorium, temple_pool_b, uniq_eustachio
Temple:   eino_wide_crystal_templ

Action                     || total
---------------------------++-------
  Melee: Short sword       ||    46
 Armour: Robe              ||    20
  Dodge: Dodged            ||    39
  Block: Orb               ||    10

Table legend: (Time is in decaauts)
 A = Elapsed time spent in this place.
 B = Non-inter-level travel time spent in this place.
 C = Inter-level travel time spent in this place.
 D = Time resting spent in this place.
 E = Time spent auto-exploring this place.
 F = Levels seen in this place.
 G = Mean time per level.
                   A        B        C        D        E       F      G
               +--------+--------+--------+--------+--------+-----+--------+
         Total |    691 |    688 |      3 |      0 |    368 |   6 |  115.2 |
       Dungeon |    681 |    681 |      0 |      0 |    368 |   5 |  136.2 |
        Temple |     10 |      7 |      3 |      0 |      0 |   1 |   10.0 |
               +--------+--------+--------+--------+--------+-----+--------+

Top non-repeatable levels by time:
     D:2: 186 daAuts
     D:4: 185 daAuts
     D:1: 154 daAuts
     D:3: 105 daAuts
     D:5: 49 daAuts
  Temple: 10 daAuts
